 Dungeon Crawl Stone Soup version 0.20.1-1-g8b1a95d (webtiles) character file.

143 empire the Slasher (level 5, -5/41 HPs)
             Began as a Mummy Fighter on July 27, 2017.
             Slain by a goblin
             ... wielding a +0 club
             ... led by Robin
              (8 damage)
             ... on level 3 of the Dungeon.
             The game lasted 00:03:49 (1649 turns).

empire the Slasher (Mummy Fighter)                  Turns: 1649, Time: 00:03:51

Health: -5/41      AC:  6    Str: 21    XL:     5   Next: 4%
Magic:  5/5        EV:  7    Int:  7    God:
Gold:   127        SH:  9    Dex: 11    Spells: 4/4 levels left

rFire    x . .     SeeInvis .   a - +0 long sword
rCold    + . .     Gourm    .   c - +0 shield
rNeg     + + +     Faith    .   b - +0 scale mail
rPois    ∞         Spirit   .   (no helmet)
rElec    .         Reflect  .   (no cloak)
rCorr    .         Harm     .   (no gloves)
MR       .....                  (no boots)
Stlth    ..........             (no amulet)
Regen    0.2/turn               (no ring)
MPRegen  0.1/turn               (no ring)

@: no status effects
A: no food or potions, fire vulnerability, cold resistance 1, negative energy
resistance 3, torment resistance, unbreathing
a: no special abilities


You were on level 3 of the Dungeon.
You were not hungry.

You visited 1 branch of the dungeon, and saw 3 of its levels.

You collected 127 gold pieces.

Inventory:

Hand Weapons
 a - a +0 long sword (weapon)
 f - a +1 dagger of venom
Armour
 b - a +0 scale mail (worn)
 c - a +0 shield (worn)
 d - a cursed +0 robe
Wands
 h - a wand of paralysis (13/24)
Scrolls
 g - a scroll of recharging
 i - a scroll of teleportation


   Skills:
 - Level 3.0 Fighting
 + Level 4.3 Long Blades
 - Level 2.4 Armour
 - Level 2.4 Shields


You had 4 spell levels left.
You didn't know any spells.

Dungeon Overview and Level Annotations

Branches:
Dungeon (3/15)

Altars:
Fedhas
Kikubaaqudgha
Sif Muna

Annotations:
D:3 Robin


Innate Abilities, Weirdness & Mutations

You do not eat or drink.
Your flesh is vulnerable to fire.
You are immune to poison.
Your flesh is cold resistant. (rC+)
You are immune to negative energy. (rN+++)
You are immune to unholy pain and torment.
You can survive without breathing.


Message History

* * * LOW HITPOINT WARNING * * *
Robin hits you but does no damage.
You slash the goblin!
You kill the goblin!
The goblin hits you but does no damage. Robin hits you but does no damage.
The hobgoblin hits you but does no damage.
The goblin hits you with a club.
* * * LOW HITPOINT WARNING * * *
You see here a dagger of venom.
Unknown command.
Your shield prevents you from hitting the goblin.
The goblin is severely wounded.
The hobgoblin no longer looks unusually strong.
The goblin barely misses you.
Robin roars a battlecry!
The goblins go into a battle-frenzy!
The hobgoblin hits you with a club.
* * * LOW HITPOINT WARNING * * *
The goblin hits you with a club!
You die...

#..(...#
#....###
###.## .# #
#..### .g#
#.####)%..#
#.gl
.#......#...#
#..#
.(......#####
#....
#######..##
###..#
##@g####K...#


##g.ggrhw# ####s#### #.# #.# #+# You could see Robin, a dart slug, a jackal, a
giant cockroach, 2 hobgoblins, a goblin and a rat.

Vanquished Creatures
  Ijyb (D:2)
  A gnoll (D:1)
  3 adders
  2 worms (D:2)
  3 dart slugs (D:1)
  2 leopard geckos (D:1)
  8 bats
  A giant cockroach (D:1)
  17 goblins
  7 hobgoblins
  2 jackals
  6 kobolds
  4 frilled lizards
  10 rats
67 creatures vanquished.

Notes
Turn   | Place    | Note
-------+----------+-------------------------------------------
     0 | D:1      | empire the Mummy Fighter began the quest for the Orb.
     0 | D:1      | Reached XP level 1. HP: 18/18 MP: 1/1
    10 | D:1      | Reached skill level 2 in Long Blades
    10 | D:1      | Reached XP level 2. HP: 24/24 MP: 2/2
   250 | D:1      | Reached XP level 3. HP: 28/29 MP: 3/3
   446 | D:1      | Reached skill level 3 in Long Blades
   941 | D:2      | Noticed Ijyb
   947 | D:2      | Reached XP level 4. HP: 27/35 MP: 4/4
   950 | D:2      | Paralysed by Ijyb for 4 turns
   958 | D:2      | Paralysed by Ijyb for 3 turns
   981 | D:2      | Killed Ijyb
  1253 | D:2      | Reached skill level 4 in Long Blades
  1368 | D:2      | Found a blossoming altar of Fedhas.
  1388 | D:2      | Found an ancient bone altar of Kikubaaqudgha.
  1434 | D:2      | Found a deep blue altar of Sif Muna.
  1617 | D:3      | Noticed Robin
  1628 | D:3      | Reached XP level 5. HP: 40/41 MP: 5/5
  1649 | D:3      | Slain by a goblin

Skill      XL: |  1  2  3  4 |
---------------+-------------+-----
Long Blades    | 2 3 4 |  4.3
Fighting       | |  3.0
Armour         | |  2.4
Shields        | |  2.4

Action                   |  1- 3 |  4- 6 || total
-------------------------+-------+-------++-------
Melee: Long sword        |   100 |   101 ||   201
  Use: Scroll            |       |     3 ||     3
Armor: Scale mail        |    47 |    64 ||   111
Dodge: Dodged            |    22 |    36 ||    58
Block: Shield            |    48 |    56 ||   104
       Rpst.: Long sword |     9 |    12 ||    21
